 Dungeon Crawl Stone Soup version 0.28-a0-726-g4a9143789a (webtiles) character file.

Game seed: 15602062919550643939

32176 demibob the Bludgeoner (level 13, -8/114 HPs)
             Began as an Ogre Berserker on Oct 28, 2021.
             Was an Elder of Trog.
             Mangled by a boulder beetle (47 damage)
             ... on level 5 of the Lair of Beasts.
             The game lasted 00:42:21 (20297 turns).

demibob the Bludgeoner (Ogre Berserker)            Turns: 20297, Time: 00:42:21

Health: -8/114     AC: 17    Str: 24    XL:     13   Next: 62%
Magic:  13/13      EV: 15    Int:  8    God:    Trog [****..]
Gold:   737        SH:  5    Dex: 21    Spells: 12/12 levels left

rFire   + + .      SeeInvis .   b - +2 flail of Autumn {vorpal, rC++ Dex+6}
rCold   + . .      Faith    .   (no shield)
rNeg    + . .      Spirit   .   k - +4 fire dragon scales
rPois   +          Reflect  +   Q - +1 hat
rElec   .          Harm     .   B - +1 cloak {rPois}
rCorr   .          Rampage  .   (gloves unavailable)
Will    ++...                   (boots unavailable)
Stlth   ..........              y - amulet of reflection
HPRegen 0.29/turn               W - ring of willpower
MPRegen 0.13/turn               o - ring of the Sun {Fly rPois rN+ Dex+3}

@: about to teleport, on berserk cooldown, flying, slowed, very slow
A: large, unfitting armour, tough skin 1
a: Renounce Religion, Berserk, Trog's Hand, Brothers in Arms


You were on level 5 of the Lair of Beasts.
You worshipped Trog.
Trog was greatly pleased with you.
You visited 2 branches of the dungeon, and saw 18 of its levels.
You also visited: Volcano.

You collected 1048 gold pieces.
You spent 311 gold pieces at shops.


Innate Abilities, Weirdness & Mutations

You are too large for most types of armour.
You have tough skin. (AC +1)


   Skills:
 - Level 4.0 Fighting
 + Level 18.3 Maces & Flails
 + Level 4.3 Armour
 - Level 12.6 Dodging


You had 12 spell levels left.
You didn't know any spells.
Your spell library was empty.

Inventory:

Hand Weapons
 a - a +1 giant spiked club
 b - the +2 flail of Autumn (weapon) {vorpal, rC++ Dex+6}
   (Trog gifted it to you on level 2 of the Lair of Beasts)

   It inflicts extra damage upon your enemies.
   Dex:       It affects your dexterity (+6).
   rC:        It greatly protects you from cold.
Missiles
 m - 5 boomerangs
 r - 2 throwing nets {=f}
 x - 4 poisoned darts (quivered)
 z - 3 large rocks {=f}
 K - a curare-tipped dart {=f}
Armour
 k - +4 fire dragon scales (worn)
 A - a scarf of harm
 B - a +1 cloak of poison resistance (worn)
 C - +0 acid dragon scales
 H - the +3 hat of Pondering {ponderous, Will+ MP+10 Int+5}
   (You took it off Gastronok on level 9 of the Dungeon)

   Int:       It affects your intelligence (+5).
   MP:        It affects your magic capacity (+10).
   Will:      It increases your willpower.
 Q - a +1 hat (worn)
Jewellery
 f - a ring of protection from fire
 g - an amulet of the acrobat
 o - the ring of the Sun (right hand) {Fly rPois rN+ Dex+3}
   (You acquired it on level 5 of the Dungeon)

   [ring of flight]

   Dex:       It affects your dexterity (+3).
   rPois:     It protects you from poison.
   rN:        It protects you from negative energy.
   Fly:       It grants you flight.
 v - a ring of see invisible
 y - an amulet of reflection (around neck)
 F - a ring of fire
 N - a ring of positive energy
 W - a ring of willpower (left hand)
Wands
 q - a wand of charming (17)
 D - a wand of flame (15)
 E - a wand of polymorph (8)
 G - a wand of acid (14)
 L - a wand of iceblast (27)
 R - a wand of paralysis (3)
Scrolls
 p - a scroll of identify {@r1}
 t - a scroll of fog
 u - 3 scrolls of enchant weapon
 I - a scroll of silence {!r}
Potions
 c - 3 potions of mutation {unknown}
 d - 3 potions of lignification
 e - 2 potions of cancellation
 h - 4 potions of flight
 i - 3 potions of ambrosia
 j - 7 potions of curing {@q1}
 l - a potion of magic {unknown}
 n - 4 potions of invisibility {unknown}
 s - 5 potions of might
 J - a potion of degeneration {unknown}
 O - 3 potions of haste {unknown}
 P - a potion of resistance
 T - a potion of attraction {unknown}

Dungeon Overview and Level Annotations

Branches:
Dungeon (12/15)            Temple (0/1) D:6            Lair (6/6) D:11
  Swamp (0/4) Lair:2       Spider (0/4) Lair:4        Slime (0/5) Lair:5
    Orc (0/2) D:9         Volcano (visited)

Altars:
Ashenzari
Dithmenos
Elyvilon
Makhleb
Nemelex Xobeh
Uskayaw
Xom
Yredelemnul
The Shining One

Shops:
D:1 *   D:8 (

Annotations:
D:2 1 runed translucent door, Crazy Yiuf
Lair:3 2 transporters, Xohucet's ghost, journeyman MfGl

##.# ######...........#
###..# #.#.#.....>.....###
#..#.####...........<....#
#......................###
##..........#..........#
#.......(.............#
........................#
.........................#
..#........°.B@...........#
# ##........○†#.###########
######.###.### ###


You could see a boulder beetle (rolling).


Message History

You feel yourself moving faster!
You feel mighty! The boulder beetle bites you.
* * * LOW HITPOINT WARNING * * *
You sock the boulder beetle!
The boulder beetle is heavily wounded.
You hit the boulder beetle but do no damage.
The boulder beetle is heavily wounded.
The boulder beetle leaps!
A water moccasin comes into view.
The water moccasin hisses angrily.
The boulder beetle curls into a ball and begins rolling!
You see here a scroll of identify {@r1}.
p - a scroll of identify {@r1} You feel a strong urge to attack something.
You feel your anger nearly subside.
You are no longer berserk.
You are exhausted.
You feel yourself slow down.
There is a stone staircase leading up, spattered with blood here.
You block the boulder beetle's attack.
The boulder beetle stops rolling and uncurls.
The boulder beetle barely misses you.
You fly upwards.
There is a stone staircase leading down, spattered with blood here.
You see here a cane toad corpse.
A boulder beetle is nearby!
As you read the scroll of teleportation {@r2}, it crumbles to dust.
You feel strangely unstable. The boulder beetle closely misses you.
The boulder beetle curls into a ball and begins rolling!
You see here a wolf corpse.
The boulder beetle hits you!!!
You die...

Skill      XL: |  1  2  3  4  5  6  7  8  9 10 11 12 13 |
---------------+----------------------------------------+-----
Maces & Flails | 3 4 5 6 7 8 10 11 13 15 17 18 | 18.3
Dodging        | 7 11 12 | 12.6
Armour         | 4 |  4.3
Fighting       | |  4.0

Action                   |  1- 3 |  4- 6 |  7- 9 | 10-12 | 13-15 || total
-------------------------+-------+-------+-------+-------+-------++-------
Melee: Mace              |    98 |   130 |   268 |   710 |       ||  1206
       Giant spiked club |       |       |    33 |       |       ||    33
       Flail             |       |       |       |     5 |   247 ||   252
Throw: Boomerang         |       |    12 |    37 |    31 |       ||    80
       Dart              |       |       |    14 |    59 |     4 ||    77
       Large rock        |       |       |       |     1 |       ||     1
Invok: Berserk           |       |     3 |     4 |    10 |     4 ||    21
       Trog's Hand       |       |       |       |     3 |     2 ||     5
       Brothers in Arms  |       |       |       |     1 |     3 ||     4
Evoke: Wand              |       |       |     3 |    16 |       ||    19
  Use: Scroll            |     3 |     5 |     5 |    11 |    10 ||    34
       Potion            |       |       |     1 |     3 |     5 ||     9
 Stab: Sleeping          |       |       |     2 |       |       ||     2
       Paralysed         |       |       |       |     5 |       ||     5
       Petrified         |       |       |       |       |     2 ||     2
       Distracted        |       |       |       |       |     1 ||     1
Armor: Animal skin       |    31 |    32 |     3 |       |       ||    66
       Steam dragon scal |       |       |    93 |    22 |       ||   115
       Skin              |       |       |    22 |       |       ||    22
       Acid dragon scale |       |       |       |   136 |     6 ||   142
       Fire dragon scale |       |       |       |       |    57 ||    57
Dodge: Dodged            |    71 |    72 |   174 |   294 |   117 ||   728
Block: Other             |       |       |       |    86 |    39 ||   125
       Reflection        |       |       |       |     1 |     7 ||     8

Levels and vault maps discovered:
D:1:      pf_arrival_petrified_forest, layout_loops_ring, serial_shops,
          nicolae_lakefront_shop, ebering_ecumenical_altar_sacrificial
D:2:      layout_loops_cross, minivault_5, uniq_crazy_yiuf_cottage
D:3:      layout_basic
D:4:      layout_rooms, old_standard_altar, serial_park_tiny_2, minmay_unequal
D:5:      layout_layer_cave, lightli_temple_of_fire, lemuel_doored_altar,
          minmay_misc_feat_encased, st_stairs_11,
          chequers_serial_rivers_large_a, kennysheep_flooded_box,
          amcnicky_mini_pool_medium
D:6:      layout_basic, lemuel_mausoleum_altar_yredelemnul,
          minmay_temple_entry_gardened_gates
D:7:      layout_cave_pools, xom_confusion_cloud, amcnicky_mini_corridor_feature
D:8:      layout_loops_ring, elyvilon_altar_1, serial_shops,
          nicolae_stop_n_shop_1, nrook_campfire
D:9:      layout_basic, jmf_multi_god_temple, erik_orc_2,
          hangedman_abyss_or_decor_stagger, uniq_grum, uniq_psyche,
          uniq_gastronok, uniq_maurice, uniq_harold
D:10:     lemuel_slime, layout_basic, nicolae_overflow_crystal_walls,
          kennysheep_just_a_vault, uniq_erolcha, uniq_maggie
D:11:     layout_roguey, lair_entry_dummy
D:12:     layout_loops_ring
Lair:1:   layout_misc_corridors, uniq_erica
Lair:2:   layout_roguey, minmay_swamp_entry_swarm
Lair:3:   layout_cellular_growth, gammafunk_ghost_hive,
          lightli_volcano_entry_magma_tube, infiniplex_staircase_pool
Lair:4:   layout_gridlike, spider_nest_entry_webs, wad_woods_road_01,
          grunt_megastairs_5, serial_bayou_shore_a
Lair:5:   layout_roguey, nicolae_slime_entry_slimehenge, uniq_josephine,
          uniq_rupert
Lair:6:   minmay_lair_end_enchanted_forest, layout_misc_corridors,
          grunt_forest_large_clearing_hut, grunt_megastairs_1

Notes
Turn   | Place    | Note
-------+----------+-------------------------------------------
     0 | D:1      | demibob the Ogre Berserker began the quest for the Orb.
     0 | D:1      | Reached XP level 1. HP: 24/24 MP: 1/1
   129 | D:1      | Found a faded altar of an unknown god.
   207 | D:1      | You fall into a shaft and drop 1 floor!
   215 | D:2      | Reached skill level 3 in Maces & Flails
   231 | D:1      | Reached XP level 2. HP: 14/32 MP: 2/2
   702 | D:1      | Found Qoworen's General Store.
  1078 | D:2      | Reached XP level 3. HP: 26/39 MP: 3/3
  1281 | D:2      | Reached ** piety under Trog
  1282 | D:2      | Reached skill level 4 in Maces & Flails
  1840 | D:2      | Found a runed translucent door.
  1841 | D:2      | Noticed Crazy Yiuf
  1894 | D:3      | Reached XP level 4. HP: 27/48 MP: 4/4
  2523 | D:3      | Reached skill level 5 in Maces & Flails
  2958 | D:4      | Reached XP level 5. HP: 21/54 MP: 5/5
  3549 | D:4      | Reached skill level 6 in Maces & Flails
  3549 | D:4      | Reached XP level 6. HP: 54/62 MP: 6/6
  3931 | D:4      | Found a hide-covered altar of Uskayaw.
  4326 | D:1      | Bought a scroll of identify for 20 gold pieces
  4326 | D:1      | Bought a scroll of blinking for 75 gold pieces
  4432 | D:5      | Entered Level 5 of the Dungeon
  4432 | D:5      | Noticed a black bear
  4443 | D:5      | Killed a black bear
  4602 | D:5      | Identified a scroll of acquirement
  4602 | D:5      | Acquired the ring of the Sun {Fly rPois rN+ Dex+3}
  4619 | D:5      | Reached skill level 7 in Maces & Flails
  4619 | D:5      | Reached XP level 7. HP: 26/70 MP: 7/7
  4966 | D:5      | Noticed a steam dragon
  4983 | D:5      | Killed a steam dragon
  5009 | D:5      | Reached skill level 8 in Maces & Flails
  5636 | D:5      | Reached XP level 8. HP: 76/78 MP: 8/8
  5835 | D:5      | Reached skill level 9 in Maces & Flails
  6138 | D:5      | Found a sparkling altar of Nemelex Xobeh.
  6320 | D:5      | Noticed a hornet
  6333 | D:5      | Killed a hornet
  6341 | D:5      | Reached skill level 10 in Maces & Flails
  6681 | D:5      | Found a burning altar of Makhleb.
  6869 | D:5      | Reached XP level 9. HP: 61/84 MP: 9/9
  7069 | D:6      | Reached skill level 11 in Maces & Flails
  7071 | D:6      | Reached *** piety under Trog
  7101 | D:6      | Acquired a manual of Dodging
  7152 | D:6      | Found a staircase to the Ecumenical Temple.
  7304 | D:6      | Reached skill level 3 in Dodging
  7536 | D:6      | Reached skill level 4 in Dodging
  7643 | D:6      | Identified the +6 mace of Tortfeasance {protect, *Slow
                  | Fragile rCorr Str+10}
  7799 | D:6      | Reached skill level 5 in Dodging
  7814 | D:6      | Found a basalt altar of Yredelemnul.
  7873 | D:6      | Reached skill level 6 in Dodging
  8248 | D:7      | Reached skill level 7 in Dodging
  8265 | D:7      | Reached XP level 10. HP: 58/92 MP: 10/10
  8270 | D:7      | Reached skill level 12 in Maces & Flails
  8678 | D:7      | Reached skill level 8 in Dodging
  8712 | D:7      | Found a shimmering altar of Xom.
  8750 | D:7      | Reached **** piety under Trog
  9056 | D:7      | Identified 2 potions of resistance
  9065 | D:8      | Found a white marble altar of Elyvilon.
  9593 | D:8      | Found Kiuh's Antique Weapon Emporium.
  9599 | D:8      | Bought an iridescent mace for 216 gold pieces
  9599 | D:8      | Identified the +0 mace of Acvarr {vorpal, rN++} (You bought
                  | it in a shop on level 8 of the Dungeon)
  9829 | D:9      | Reached skill level 9 in Dodging
  9862 | D:9      | Found a shadowy altar of Dithmenos.
  9862 | D:9      | Found a glowing golden altar of the Shining One.
  9864 | D:9      | Noticed Harold
  9875 | D:9      | Killed Harold
 10131 | D:9      | Noticed Grum
 10140 | D:9      | Identified a +0 robe of the Archmagi
 10140 | D:9      | Noticed Psyche
 10142 | D:9      | Reached skill level 10 in Dodging
 10144 | D:9      | Killed Grum
 10157 | D:9      | Killed Psyche
 10362 | D:9      | Noticed Gastronok
 10380 | D:9      | Killed Gastronok
 10381 | D:9      | Reached skill level 13 in Maces & Flails
 10381 | D:9      | Reached skill level 11 in Dodging
 10381 | D:9      | Reached XP level 11. HP: 100/100 MP: 11/11
 10919 | D:9      | Found a staircase to the Orcish Mines.
 11174 | D:9      | Noticed a two-headed ogre
 11176 | D:9      | Noticed Maurice
 11189 | D:9      | Killed a two-headed ogre
 11190 | D:9      | Reached skill level 12 in Dodging
 11197 | D:9      | Killed Maurice
 11296 | D:10     | Entered Level 10 of the Dungeon
 11352 | D:10     | Noticed Erolcha
 11357 | D:10     | Noticed a two-headed ogre
 11372 | D:10     | Killed a two-headed ogre
 11374 | D:10     | Killed Erolcha
 11445 | D:10     | Found a broken altar of Ashenzari.
 11453 | D:10     | Reached skill level 14 in Maces & Flails
 11954 | D:10     | Noticed Maggie
 11965 | D:10     | Killed Maggie
 12105 | D:10     | Reached ***** piety under Trog
 12562 | D:10     | Noticed a stone giant
 12570 | D:10     | Killed a stone giant
 12818 | D:11     | Reached skill level 15 in Maces & Flails
 12818 | D:11     | Reached XP level 12. HP: 84/107 MP: 12/12
 13086 | D:11     | Noticed a two-headed ogre
 13101 | D:11     | Killed a two-headed ogre
 13584 | D:11     | Found a staircase to the Lair.
 13761 | Lair:1   | Entered Level 1 of the Lair of Beasts
 14139 | Lair:1   | Reached skill level 16 in Maces & Flails
 14615 | Lair:1   | Noticed Erica
 14628 | Lair:1   | Killed Erica
 14873 | Lair:1   | Noticed a five-headed hydra
 14881 | Lair:1   | Killed a five-headed hydra
 15426 | Lair:2   | Found a staircase to the Swamp.
 15644 | Lair:2   | Noticed a four-headed hydra
 15651 | Lair:2   | Killed a four-headed hydra
 15652 | Lair:2   | Reached skill level 17 in Maces & Flails
 15876 | Lair:2   | Identified the +2 flail of Autumn {vorpal, rC++ Dex+6}
                  | (Trog gifted it to you on level 2 of the Lair of Beasts)
 15876 | Lair:2   | Received a gift from Trog
 16439 | Lair:3   | Found a dark tunnel.
 16449 | Volcano  | Entered a volcano
 16465 | Volcano  | Noticed a centaur warrior
 16620 | Volcano  | Killed a centaur warrior
 16621 | Volcano  | Reached XP level 13. HP: 113/114 MP: 13/13
 16760 | Volcano  | Found a bloodstained altar of Trog.
 16761 | Volcano  | Noticed a red draconian
 16784 | Volcano  | Killed a red draconian
 17276 | Lair:3   | Noticed Xohucet's ghost (journeyman MfGl)
 17279 | Lair:3   | Found a transporter.
 17284 | Lair:3   | Found a transporter.
 17595 | Lair:3   | Reached skill level 1 in Armour
 18383 | Lair:4   | Reached skill level 2 in Armour
 18427 | Lair:4   | Found a hole to the Spider Nest.
 18601 | Lair:4   | Reached skill level 18 in Maces & Flails
 19501 | Lair:5   | Reached skill level 3 in Armour
 19615 | Lair:5   | Noticed Rupert
 19635 | Lair:5   | Killed Rupert
 19835 | Lair:5   | Found a staircase to the Slime Pits.
 19838 | Lair:5   | You are sucked into a shaft and drop 1 floor!
 19838 | Lair:6   | Entered Level 6 of the Lair of Beasts
 19906 | Lair:6   | Reached skill level 4 in Armour
 20297 | Lair:5   | Mangled by a boulder beetle

Vanquished Creatures
  Rupert (Lair:5)
  Gastronok (D:9)
  A stone giant (D:10)
  Erolcha (D:10)
  2 hydras
  A centaur warrior (Volcano)
  Erica (Lair:1)
  Harold (D:9)
  3 two-headed ogres
  A wolf spider (Lair:6)
  Maurice (D:9)
  A manticore (D:11)
  4 black mambas
  6 cane toads
  2 kobold demonologists (D:10)
  Psyche (D:9)
  2 komodo dragons
  2 rime drakes
  Maggie (D:10)
  3 polar bears
  A hornet (D:5)
  A slime creature (D:10)
  A meliai zombie (D:11)
  A dream sheep (Lair:4)
  2 wraiths (D:11)
  A shadow (D:11)
  16 yaks
  4 vampire mosquitoes
  6 wyverns
  4 steam dragons
  Grum (D:9)
  9 water moccasins
  2 acid dragons
  4 black bears
  A hornet zombie (D:7)
  3 ice beasts
  2 sky beasts (D:7)
  5 necrophages
  8 orc warriors
  16 wolves
  4 ogres
  4 centaurs
  A phantom (D:6)
  A kobold brigand (D:10)
  4 bullfrogs
  2 scorpions (D:5)
  3 gnoll sergeants
  2 wyvern skeletons (D:7)
  A water moccasin skeleton (D:3)
  6 wights
  4 electric eels
  2 bullfrog zombies
  2 centaur zombies (D:6)
  6 jellies
  A gnoll shaman (D:6)
  A human zombie (D:6)
  A bullfrog skeleton (D:5)
  2 hounds
  4 orc priests
  2 centaur skeletons
  6 iguanas
  10 orc wizards
  A killer bee zombie (D:6)
  2 hound skeletons (D:4)
  2 mummies (D:6)
  3 howler monkey zombies
  18 gnolls
  A howler monkey skeleton (D:5)
  4 adders
  An ufetubus (D:6)
  A worm (D:4)
  2 dart slugs
  35 orcs
  4 bats
  17 endoplasms
  3 giant cockroaches
  7 hobgoblins
  12 kobolds
  2 quokkas
  6 ball pythons
  2 frilled lizards
  3 goblins
  6 rats
  2 bushes (Lair:4)
327 creatures vanquished.

Vanquished Creatures (collateral kills)
  A red draconian (Volcano)
  A hydra (Lair:4)
  A catoblepas (Lair:6)
  2 yaktaurs (Volcano)
  5 dream sheep (Lair:4)
  A redback (Lair:4)
  A wyvern (Lair:4)
  2 centaurs (Volcano)
14 creatures vanquished.

Vanquished Creatures (others)
  A black bear (D:7)
  A centaur (Volcano)
  A gnoll sergeant (D:7)
  A hound (D:7)
  An iguana (D:7)
  2 bushes
  24 fungi
  23 plants
54 creatures vanquished.

Grand Total: 395 creatures vanquished

Table legend: (Time is in decaauts)
 A = Elapsed time spent in this place.
 B = Non-inter-level travel time spent in this place.
 C = Inter-level travel time spent in this place.
 D = Time resting spent in this place.
 E = Time spent auto-exploring this place.
 F = Levels seen in this place.
 G = Mean time per level.
                   A        B        C        D        E       F      G
               +--------+--------+--------+--------+--------+-----+--------+
         Total |  20258 |  19604 |    654 |   4436 |  12020 |  19 | 1066.2 |
       Dungeon |  13808 |  13289 |    519 |   2555 |   8624 |  12 | 1150.7 |
          Lair |   5656 |   5521 |    135 |   1268 |   3396 |   6 |  942.7 |
       Volcano |    793 |    793 |      0 |    613 |      0 |   1 |  793.0 |
               +--------+--------+--------+--------+--------+-----+--------+

Top non-repeatable levels by time:
     D:5: 2634 daAuts
     D:9: 1565 daAuts
  Lair:1: 1382 daAuts
    D:10: 1366 daAuts
     D:4: 1323 daAuts
  Lair:2: 1194 daAuts
  Lair:4: 1170 daAuts
     D:3: 1134 daAuts
     D:1: 1099 daAuts
    D:11: 1062 daAuts
     D:7: 1041 daAuts
     D:6: 982 daAuts
     D:2: 935 daAuts
  Lair:5: 923 daAuts
  Lair:3: 881 daAuts

Table legend:
 A = Non-vault XP
 B = Vault XP
 C = Vault XP percentage of total XP
 D = Non-vault monster count
 E = Vault monster count
 F = Vault count percentage of total count
                 A         B        C        D         E       F
            +---------+---------+-------+---------+---------+-------
      Total |   29385 |   16581 |  36.1 |     244 |      95 |  28.0
            +---------+---------+-------+---------+---------+-------
        D:1 |      24 |       0 |   0.0 |      16 |       0 |   0.0
        D:2 |      41 |       0 |   0.0 |      16 |       0 |   0.0
        D:3 |      96 |       0 |   0.0 |      16 |       0 |   0.0
        D:4 |     157 |      61 |  28.0 |      11 |       3 |  21.4
        D:5 |    1283 |     746 |  36.8 |      19 |       6 |  24.0
        D:6 |     906 |     730 |  44.6 |      21 |      12 |  36.4
        D:7 |    1111 |     453 |  29.0 |      22 |       7 |  24.1
        D:8 |     477 |       0 |   0.0 |       7 |       0 |   0.0
        D:9 |    1414 |    4873 |  77.5 |      13 |      30 |  69.8
       D:10 |    2346 |    2795 |  54.4 |      17 |      22 |  56.4
       D:11 |    4044 |       0 |   0.0 |      19 |       0 |   0.0
     Lair:1 |    4554 |     607 |  11.8 |      16 |       1 |   5.9
     Lair:2 |    4279 |     379 |   8.1 |      17 |       2 |  10.5
     Lair:3 |    1527 |       0 |   0.0 |       6 |       0 |   0.0
     Lair:4 |    2050 |    1309 |  39.0 |       8 |       3 |  27.3
     Lair:5 |    1959 |    1791 |  47.8 |      11 |       2 |  15.4
     Lair:6 |    3117 |       0 |   0.0 |       9 |       0 |   0.0
    Volcano |       0 |    2837 | 100.0 |       0 |       7 | 100.0
            +---------+---------+-------+---------+---------+-------
